 Dungeon Crawl Stone Soup version 0.31-a0-271-gb88eb75 (webtiles) character file.

Game seed: 6752599359008371663

11080 Dawnplanks the Skirmisher (level 11, -3/60 HPs)
             Began as a Spriggan Hunter on July 14, 2023.
             Was a High Priest of Ashenzari.
             Killed by the air
             ... invoked by Gastronok
              (22 damage)
             ... on level 1 of the Lair of Beasts.
             The game lasted 00:30:46 (10219 turns).

Dawnplanks the Skirmisher (Spriggan Hunter)        Turns: 10219, Time: 00:30:47

Health: -3/60      AC:  3    Str:  7    XL:     11   Next: 44%
Magic:  12/12      EV: 32    Int: 11    God:    Ashenzari [*****.]
Gold:   763        SH:  4    Dex: 35    Spells: 7/10 levels left

rFire   + . .        G - +0 orcbow "Behold Eternity" {Comp, Dev} (curse)
rCold   + + .        (shield currently unavailable)
rNeg    . . .        D - +1 robe of Desmomancy {rC+ rF+, Bglg, Self} (curse)
rPois   .            (helmet currently unavailable)
rElec   .            s - melded +0 cloak of the Elysian Sage {Range, Melee} (curse)
rCorr   .            (gloves unavailable)
SInv    +            (boots unavailable)
Will    +....        (no amulet)
Stlth   +++          j - ring "Jealousy of Ashenzari" {Dex+6, Elem, Range} (curse)
HPRegen 0.30/turn    x - ring "Chained With Me" {Dex+6, Alch, Bglg} (curse)
MPRegen 0.13/turn

%: clarity
@: beast-form, very quick
A: beast (slay +7), very small, no large weapons, unfitting armour, see
invisible, speed 3, antennae 1, talons 1, large bone plates 1, cold resistance 1
a: Begin Untransformation, Renounce Religion, Shatter the Chains


You were on level 1 of the Lair of Beasts.
You worshipped Ashenzari.
Ashenzari was extremely pleased with you.
You were a hulking beast.
You visited 3 branches of the dungeon, and saw 12 of its levels.
You also visited: Ossuary.

You collected 763 gold pieces.

Inventory:

Hand Weapons
 a - a +0 shortbow
 v - the +6 dagger of the Undead {chaos, *Noise rN+ Will+++ rCorr}
   (You found it on level 4 of the Dungeon)

   rN:        It protects you from negative energy.
   *Noise:    It may make noises in combat.
   rCorr:     It protects you from acid and corrosion.
   Will:      It greatly increases your willpower.
 G - the cursed +0 orcbow "Behold Eternity" (weapon) {Comp, Dev}
   (You took it off a centaur on level 7 of the Dungeon)

   It has a curse which improves the following skills: Companions: Summonings
   and Necromancy.
   Devices:   Evocations and Shapeshifting.
Armour
 r - a +2 animal skin
 s - the cursed +0 cloak of the Elysian Sage (melded) {Range, Melee}
   (You found it on level 4 of the Dungeon)

   It has a curse which improves the following skills: Ranged Combat: Ranged
   Weapons and Throwing.
   Melee Combat: Short Blades, Long Blades, Axes, Maces & Flails, Polearms,
   Staves and Unarmed Combat.
 D - the cursed +1 robe of Desmomancy (worn) {rC+ rF+, Bglg, Self}
   (You took it off a wight on level 6 of the Dungeon)

   It has a curse which improves the following skills: Beguiling: Conjurations,
   Hexes and Translocations.
   Introspection: Fighting and Spellcasting.
Jewellery
 j - the cursed ring "Jealousy of Ashenzari" (left hand) {Dex+6, Elem, Range}
   (You found it on level 2 of the Dungeon)

   [ring of dexterity]

   Dex:       It affects your dexterity (+6).
   It has a curse which improves the following skills: Elements: Fire Magic, Ice
   Magic, Air Magic and Earth Magic.
   Ranged Combat: Ranged Weapons and Throwing.
 x - the cursed ring "Chained With Me" (right hand) {Dex+6, Alch, Bglg}
   (You found it on level 4 of the Dungeon)

   [ring of dexterity]

   Dex:       It affects your dexterity (+6).
   It has a curse which improves the following skills: Alchemy: Poison Magic and
   Transmutations.
   Beguiling: Conjurations, Hexes and Translocations.
 y - a +6 ring of intelligence
 C - a +6 ring of strength
 L - a ring of ice
 M - a ring of magical power
Talismans
 k - a beast talisman
Wands
 q - a wand of flame (60)
 u - a wand of mindburst (26)
 E - a wand of roots (8)
 N - a wand of polymorph (3)
Scrolls
 b - 5 scrolls of butterflies
 d - 3 scrolls of amnesia
 f - a scroll of revelation
 h - 3 scrolls of blinking
 i - 5 scrolls of teleportation
 m - 2 scrolls of vulnerability
 o - 5 scrolls of enchant armour
 p - 4 scrolls of fear
 w - 2 scrolls of enchant weapon
 z - 4 scrolls of noise
 A - 3 scrolls of poison
 I - a scroll of torment
Potions
 c - 5 potions of lignification
 e - 6 potions of curing
 g - a potion of resistance
 l - 3 potions of mutation
 n - 7 potions of heal wounds
 t - a potion of haste
 B - 2 potions of attraction
 F - 2 potions of might
 H - a potion of enlightenment
 J - a potion of cancellation
 K - a potion of berserk rage


   Skills:
 + Level 6.1(8.3) Fighting
 + Level 13.3(15.3) Ranged Weapons
 * Level 9.8 Dodging
 - Level 1.6 Stealth
 + Level 0.8 Shields
 * Level 3.0(5.6) Hexes
 * Level 3.5(6.3) Translocations
 * Level 7.8(10.0) Shapeshifting


You had 7 spell levels left.
You knew the following spells:

 Your Spells              Type           Power      Damage    Failure   Level
a - Portal Projectile     Hex/Tloc       26%        N/A       9%          3

Your spell library contained the following spells:

 Spells                   Type           Power      Damage    Failure   Level
 Tukima's Dance           Hex            12%        N/A       11%         3
 Vhi's Electric Charge    Tloc/Air       14%        N/A       26%         3
 Volatile Blastmotes      Fire/Tloc      14%        2d11      26%         3
 Manifold Assault         Tloc           14%        N/A       26%         4
 Inner Flame              Hex/Fire       6%         N/A       30%         3
 Sandblast                Erth           0%         2d4       32%         1
 Passwall                 Tmut/Erth      0%         N/A       43%         2
 Iskenderun's Mystic Bla  Conj/Tloc      7%         2d4       65%         4
 Hailstorm                Conj/Ice       0%         3d3       67%         3
 Stone Arrow              Conj/Erth      0%         3d7       67%         3
 Fulminant Prism          Conj/Hex       3%         3d5       69%         4
 Yara's Violent Unravell  Hex/Tmut       3%         3d4       96%         5
 Olgreb's Toxic Radiance  Pois           0%         N/A       97%         4
 Summon Ice Beast         Ice/Summ       0%         N/A       97%         4
 Dispersal                Tloc           7%         N/A       99%         6
 Arcjolt                  Conj/Air       0%         1d10      100%        5
 Plasma Beam              Fire/Air       0%         2x1d10    100%        6
 Simulacrum               Ice/Necr       0%         N/A       100%        6
 Enfeeble                 Hex            6%         N/A       100%        7
 Discord                  Hex            6%         N/A       100%        8
 Disjunction              Tloc           7%         N/A       100%        8
 Ignition                 Fire           0%         3d3       100%        8
 Maxwell's Capacitive Co  Air            0%         ∞         100%        8


Dungeon Overview and Level Annotations

Branches:
Dungeon (10/15)            Temple (1/1) D:7            Lair (1/5) D:8
Ossuary (visited)
    Orc: D:9-12

Altars:
Ashenzari
Cheibriados
Dithmenos
Elyvilon
Fedhas
Gozag
Hepliaklqana
Kikubaaqudgha
Makhleb
Nemelex Xobeh
Okawaru
Qazlal
Ru
Sif Muna
Trog
Uskayaw
Vehumet
Wu Jian
Xom
Yredelemnul
Zin
The Shining One

Annotations:
Lair:1 Gastronok


Innate Abilities, Weirdness & Mutations

You are a hulking beast.
Your limbs bulge with bestial killing power. (Slay +7)
You are very small and have problems with some larger weapons.
You are too small for most types of armour.
You have supernaturally acute eyesight. (SInv)
You cover ground extremely quickly. (Speed+++)
You have a pair of small antennae on your head.
You have sharp toenails.
You are partially covered in large bone plates. (SH +4)
Your flesh is cold resistant. (rC+)


Message History

You shoot an arrow. The arrow hits Gastronok!
Gastronok gurgles horribly!
Gastronok is lightly wounded.
You shoot an arrow. The arrow hits Gastronok.
Gastronok is lightly wounded.
You shoot an arrow. The arrow hits Gastronok!!
Gastronok is moderately wounded.
You shoot an arrow. The arrow hits Gastronok!!
Gastronok is moderately wounded.
You shoot an arrow. The arrow hits Gastronok!
Gastronok is heavily wounded.
You shoot an arrow. The arrow hits Gastronok!!
Gastronok is heavily wounded.
Gastronok waves his eye-stalks in wide circles.
The air twists around and strikes you!!
You shoot an arrow. The arrow hits Gastronok.
Gastronok is severely wounded.
You shoot an arrow. The arrow hits Gastronok.
Gastronok is severely wounded.
Gastronok waves his eye-stalks in wide circles.
The air twists around and strikes you!
* * * LOW HITPOINT WARNING * * *
You are too injured to fight recklessly!
Fire: G) +0 orcbow "Behold Eternity" {Comp, Dev} (curse)
Press: ? - help, Q - select action, (/) - cycle Shift-Dir - straight line, f/p - Gastronok
Aim: Gastronok, wearing a +2 hat of see invisible (severely wounded, 95% to hit)
You shoot an arrow. The arrow hits Gastronok!!
Gastronok is severely wounded.
Fire: G) +0 orcbow "Behold Eternity" {Comp, Dev} (curse)
Press: ? - help, Q - select action, (/) - cycle Shift-Dir - straight line, f/p - Gastronok
Aim: Gastronok, wearing a +2 hat of see invisible (severely wounded, 95% to hit)
You shoot an arrow. The arrow hits Gastronok!
Gastronok is severely wounded.
Fire: G) +0 orcbow "Behold Eternity" {Comp, Dev} (curse)
Press: ? - help, Q - select action, (/) - cycle Shift-Dir - straight line, f/p - Gastronok
Aim: Gastronok, wearing a +2 hat of see invisible (severely wounded, 95% to hit)
You shoot an arrow. The arrow barely misses Gastronok.
Gastronok waves his eye-stalks in wide circles.
The air twists around and strikes you!!
You die...

..............##P................
.............###..............##P
....####......#.#...........#####
#, .#P###....................#
,..................#PP#.....##
................#.#.........###
,...............................
.............#.................
.............#h.....###.#...P#.
............###...###*##....###
,............# #..PP#, #.P..## ,
...........# #............# , ,
..........#,.............# *
........## ..w..........∆ * ,, ,
,,,,,, *,........... ,,, , , ,
,,.......... , , ,, , ,,,, ,, , ,
*


You could see Gastronok.

Vanquished Creatures
  Fannar (Lair:1)
  A hydra (D:10)
  The ghost of Taxman66 the Frost Mage, a journeyman BaIE of the Shining One (D:10)
  A two-headed ogre (D:10)
  3 death yaks (D:8)
  A necromancer (D:9)
  A cyclops (D:10)
  A cane toad (Lair:1)
  A troll (D:10)
  A shadow (D:9)
  A wraith (D:10)
  A basilisk (D:10)
  3 yaks (D:6)
  Menkaure (D:6)
  Edmund (D:6)
  An acid dragon (D:8)
  A water moccasin (D:6)
  Duvessa (D:6)
  2 ice beasts
  3 sky beasts
  3 orc warriors
  2 ogres
  3 centaurs
  5 kobold brigands
  2 bullfrogs
  A gnoll sergeant (D:10)
  3 scorpions
  8 wights
  Dowan (D:6)
  6 killer bees (D:10)
  A human zombie (Ossuary)
  2 hounds
  5 orc priests
  4 jellies
  2 gnoll boudas
  2 sleepcaps
  Ijyb (D:3)
  7 iguanas
  9 orc wizards
  4 polar bear simulacra (D:9)
  2 yak simulacra (D:9)
  2 wolf simulacra (D:9)
  3 hound zombies (Ossuary)
  4 mummies (Ossuary)
  Robin (D:3)
  12 adders
  12 gnolls
  2 river rats (D:8)
  4 white imps
  An adder zombie (Ossuary)
  2 worms
  2 dart slugs
  34 orcs
  6 bats
  7 endoplasms
  4 giant cockroaches
  12 hobgoblins
  10 jackals
  10 quokkas
  2 ball pythons
  4 frilled lizards
  19 goblins
  3 goblin zombies (Ossuary)
  A hobgoblin zombie (Ossuary)
  2 jackal zombies (Ossuary)
  28 kobolds
  A kobold zombie (Ossuary)
  9 rats
  2 river rat simulacra (D:9)
299 creatures vanquished.

Notes
Turn   | Place    | Note
-------+----------+-------------------------------------------
     0 | D:1      | Dawnplanks the Spriggan Hunter began the quest for the Orb.
     0 | D:1      | Reached XP level 1. HP: 10/10 MP: 2/2
   150 | D:1      | Reached XP level 2. HP: 14/14 MP: 3/3
   937 | D:2      | Reached XP level 3. HP: 18/18 MP: 4/4
  1067 | D:2      | Found a glowing silver altar of Zin.
  1777 | D:3      | Reached skill level 5 in Ranged Weapons
  1796 | D:3      | Noticed Robin
  1797 | D:3      | Noticed Ijyb
  1821 | D:3      | Reached skill level 1 in Shapeshifting
  1853 | D:3      | Killed Ijyb
  1854 | D:3      | Reached XP level 4. HP: 18/23 MP: 5/5
  2111 | D:3      | Killed Robin
  2308 | D:3      | Noticed an ogre
  2323 | D:3      | Killed an ogre
  2324 | D:3      | Reached skill level 6 in Ranged Weapons
  2324 | D:3      | Reached XP level 5. HP: 26/26 MP: 6/6
  2862 | D:4      | Reached XP level 6. HP: 30/30 MP: 7/7
  2977 | D:4      | You fall into a shaft and drop 1 floor!
  2977 | D:5      | Entered Level 5 of the Dungeon
  2977 | D:5      | Found an opulent altar of Gozag.
  3030 | D:5      | Noticed a sky beast
  3059 | D:5      | Noticed an ice beast
  3143 | D:4      | Identified the +6 dagger of the Undead {chaos, *Noise rN+
                  | Will+++ rCorr}
  3465 | D:4      | Gained mutation: Armour fits poorly on your strangely
                  | shaped body. [potion of mutation]
  3465 | D:4      | Gained mutation: You expend magic power (3 MP) to
                  | strengthen your wands. [potion of mutation]
  3498 | D:4      | Lost mutation: Armour fits poorly on your strangely shaped
                  | body. [potion of mutation]
  3498 | D:4      | Lost mutation: You expend magic power (3 MP) to strengthen
                  | your wands. [potion of mutation]
  3498 | D:4      | Gained mutation: You are covered in fur. (AC +1) [potion of
                  | mutation]
  3498 | D:4      | Gained mutation: Your flesh is cold resistant. (rC+)
                  | [potion of mutation]
  3707 | D:4      | Lost mutation: Your flesh is cold resistant. (rC+) [potion
                  | of mutation]
  3707 | D:4      | Lost mutation: You are covered in fur. (AC +1) [potion of
                  | mutation]
  3707 | D:4      | Gained mutation: You have a pair of small antennae on your
                  | head. [potion of mutation]
  3707 | D:4      | Gained mutation: You have sharp toenails. [potion of
                  | mutation]
  3707 | D:4      | Gained mutation: You have hidden genetic potential. [potion
                  | of mutation]
  3835 | D:5      | Reached XP level 7. HP: 35/35 MP: 8/8
  3862 | D:5      | Reached skill level 7 in Ranged Weapons
  4059 | D:5      | Gained mutation: Your flesh is cold resistant. (rC+)
                  | [hidden potential]
  4109 | D:5      | Reached skill level 5 in Dodging
  4168 | D:5      | Reached skill level 8 in Ranged Weapons
  4218 | D:5      | Reached XP level 8. HP: 38/40 MP: 9/9
  4377 | D:6      | Found a snail-covered altar of Cheibriados.
  4407 | D:6      | Gained mutation: You are partially covered in large bone
                  | plates. (SH +4) [hidden potential]
  4407 | D:6      | Lost mutation: You have hidden genetic potential. [hidden
                  | potential expressed]
  4495 | D:6      | Found a sand-covered staircase.
  4501 | Ossuary  | Entered an ossuary
  4583 | Ossuary  | Reached skill level 9 in Ranged Weapons
  4862 | D:6      | Noticed Dowan
  4864 | D:6      | Noticed Duvessa
  4908 | D:6      | Killed Duvessa
  4911 | D:6      | Killed Dowan
  4956 | D:6      | Noticed Menkaure
  4961 | D:6      | Killed Menkaure
  4962 | D:6      | Reached skill level 5 in Shapeshifting
  4975 | D:6      | Reached XP level 9. HP: 26/45 MP: 10/10
  5079 | D:6      | Noticed Edmund
  5111 | D:6      | Reached skill level 10 in Ranged Weapons
  5129 | D:6      | Killed Edmund
  6106 | D:7      | Reached skill level 11 in Ranged Weapons
  6244 | D:7      | Found a staircase to the Ecumenical Temple.
  6255 | Temple   | Entered the Ecumenical Temple
  6672 | Temple   | Became a worshipper of Ashenzari the Shackled
  7230 | D:8      | Found a staircase to the Lair.
  7233 | D:8      | Noticed a death yak
  7276 | D:8      | Noticed a death yak
  7277 | D:8      | Noticed a death yak
  7309 | D:8      | Killed a death yak
  7310 | D:8      | Reached XP level 10. HP: 51/51 MP: 11/11
  7325 | D:8      | Killed a death yak
  7326 | D:8      | Reached skill level 5 in Fighting
  7354 | D:8      | Killed a death yak
  7355 | D:8      | Reached skill level 12 in Ranged Weapons
  7684 | D:8      | Reached * piety under Ashenzari
  8363 | D:9      | Reached ** piety under Ashenzari
  8586 | D:9      | Noticed a necromancer
  8598 | D:9      | Killed a necromancer
  8768 | D:9      | Learned a level 3 spell: Portal Projectile
  8873 | D:10     | Entered Level 10 of the Dungeon
  8913 | D:10     | Noticed a cyclops
  8915 | D:10     | Reached skill level 1 in Translocations
  8915 | D:10     | Noticed an eight-headed hydra
  9123 | D:10     | Reached skill level 1 in Hexes
  9163 | D:10     | Noticed a two-headed ogre
  9173 | D:10     | Killed a two-headed ogre
  9174 | D:10     | Reached XP level 11. HP: 48/58 MP: 12/12
  9249 | D:10     | Killed an eight-headed hydra
  9250 | D:10     | Reached skill level 13 in Ranged Weapons
  9398 | D:10     | Found a large runed translucent door.
  9398 | D:10     | Found a large runed translucent door.
  9400 | D:10     | Noticed Taxman66's ghost (journeyman BaIE)
  9400 | D:10     | Identified the staff of the Puffball {*Slow rC+ Str+2
                  | Stlth+ Ice}
  9451 | D:10     | Reached *** piety under Ashenzari
  9451 | D:10     | Reached **** piety under Ashenzari
  9590 | D:10     | Killed Taxman66's ghost
  9811 | Lair:1   | Entered Level 1 of the Lair of Beasts
  9837 | Lair:1   | Noticed Fannar
  9854 | Lair:1   | Killed Fannar
 10132 | Lair:1   | Reached ***** piety under Ashenzari
 10207 | Lair:1   | Noticed Gastronok
 10219 | Lair:1   | Killed from afar by Gastronok

Illustrated notes

Levels and vault maps discovered:
D:1:      nzn_arrival_settlement, layout_basic
D:2:      layout_basic, basic_altar
D:3:      layout_basic, dreamdust_princess_bridge, nicolae_goblin_pals
D:4:      kennysheep_goblin_castle, layout_cave_pools, minivault_4,
          minmay_misc_feat_x
D:5:      layout_rooms, amcnicky_altar_gilded, nicolae_half_adder
D:6:      layout_basic, mainiacjoe_overflow_concentric_impassable,
          nicolae_ossuary_entry_plus, uniq_menkaure, uniq_edmund, uniq_duvessa
D:7:      layout_basic, minmay_temple_entry_glass
D:8:      layout_basic, dpeg_lair_monsters, minivault_11,
          chequers_serial_rivers_micro_e
D:9:      layout_gridville, eino_house_with_fridge
D:10:     minmay_curly_fans, layout_rooms, ebering_ghost_disaster_area
Temple:   mainiacjoe_temple_big_plus
Lair:1:   layout_layer_cave, chequers_serial_rivers_micro_d, uniq_gastronok,
          uniq_fannar

Skill      XL: |  1  2  3  4  5  6  7  8  9 10 11 |
---------------+----------------------------------+-----
Ranged Weapons | 5 6 8 9 11 12 13 | 13.3
Dodging        | 3 4 5 6 8 9 |  9.8
Shapeshifting  | 1 2 3 5 6 7 |  7.8
Fighting       | 2 3 4 5 6 |  6.1
Translocations | 1 3 |  3.5
Hexes          | 1 3 |  3.0
Stealth        | |  1.6
Shields        | |  0.8

Action                     |  1- 3 |  4- 6 |  7- 9 | 10-12 || total
---------------------------+-------+-------+-------+-------++-------
   Fire: Shortbow          |   144 |   198 |   289 |       ||   631
         Orcbow            |       |       |    92 |   290 ||   382
   Cast: Portal Projectile |       |       |       |     1 ||     1
 Invoke: Curse Item        |       |       |     1 |     4 ||     5
Ability: Begin Untransform |     1 |       |     1 |       ||     2
    Use: Potion            |       |     4 |       |       ||     4
 Armour: Robe              |     4 |       |       |       ||     4
         Animal skin       |       |     5 |     2 |       ||     7
  Dodge: Dodged            |    29 |    41 |    93 |    18 ||   181
  Block: Other             |       |       |    18 |       ||    18
   Form: Beast             |     2 |       |     1 |       ||     3

Table legend: (Time is in decaauts)
 A = Elapsed time spent in this place.
 B = Non-inter-level travel time spent in this place.
 C = Inter-level travel time spent in this place.
 D = Time resting spent in this place.
 E = Time spent auto-exploring this place.
 F = Levels seen in this place.
 G = Mean time per level.
                   A        B        C        D        E       F      G
               +--------+--------+--------+--------+--------+-----+--------+
         Total |   6893 |   6517 |    376 |    223 |   4443 |  13 |  530.2 |
       Dungeon |   6135 |   5798 |    337 |    123 |   3982 |  10 |  613.5 |
        Temple |    276 |    241 |     35 |      0 |    232 |   1 |  276.0 |
          Lair |    292 |    289 |      3 |    100 |    158 |   1 |  292.0 |
       Ossuary |    189 |    189 |      0 |      0 |     69 |   1 |  189.0 |
               +--------+--------+--------+--------+--------+-----+--------+

Top non-repeatable levels by time:
     D:8: 925 daAuts
     D:3: 757 daAuts
     D:6: 719 daAuts
     D:9: 652 daAuts
     D:4: 564 daAuts
     D:2: 562 daAuts
     D:1: 546 daAuts
     D:5: 499 daAuts
    D:10: 493 daAuts
     D:7: 413 daAuts
  Lair:1: 292 daAuts
  Temple: 276 daAuts
 Ossuary: 189 daAuts
